 Dungeon Crawl Stone Soup version 0.24.0-123-gd5b16e6ec5 (webtiles) character file.

Game seed: 7838440655555426694, levelgen mode: deterministic

1498 Goreval the Covert (level 8, 0/69 HPs)
             Began as a Naga Enchanter on Dec 18, 2019.
             Was a Follower of Wu Jian.
             Slain by a crocodile (18 damage)
             ... on level 6 of the Dungeon.
             The game lasted 00:23:13 (9099 turns).

Goreval the Covert (Naga Enchanter)                 Turns: 9099, Time: 00:23:14

Health: 0/69       AC:  4    Str: 11    XL:     8   Next: 81%
Magic:  1/17       EV: 12    Int: 18    God:    Wu Jian [*.....]
Gold:   110        SH:  0    Dex: 11    Spells: 11/19 levels left

rFire    . . .     SeeInvis +   a - +2 dagger
rCold    . . .     Gourm    .   (no shield)
rNeg     . . .     Faith    .   b - +0 robe
rPois    +         Spirit   .   (no helmet)
rElec    .         Reflect  .   (no cloak)
rCorr    .         Harm     .   e - +0 pair of gloves
MR       +....                  (no barding)
Stlth    ++++......             (no amulet)
HPRegen  0.21/turn              s - +2 ring of evasion
MPRegen  0.15/turn              (no ring)

@: very slightly contaminated, studying Spellcasting, very slow
A: large, see invisible, deformed body, poison resistance, slowness 2, slow
metabolism 1, spit poison 1, AC +2
a: Spit Poison, Renounce Religion


You were on level 6 of the Dungeon.
You worshipped Wu Jian.
Wu Jian was aware of your devotion.
You were not hungry.

You visited 2 branches of the dungeon, and saw 8 of its levels.

You collected 305 gold pieces.
You spent 195 gold pieces at shops.

Inventory:

Hand Weapons
 a - a +2 dagger (weapon)
Missiles
 m - 143 stones (quivered)
Armour
 b - a +0 robe (worn)
 e - a +0 pair of gloves (worn)
 h - a +0 buckler
Jewellery
 c - an uncursed ring of magical power {unknown}
 r - an uncursed ring of stealth {unknown}
 s - a +2 ring of evasion (left hand)
Wands
 w - a wand of paralysis (6)
Scrolls
 l - 3 scrolls of remove curse
 p - 5 scrolls of teleportation
 q - a scroll of magic mapping
Potions
 g - a potion of might {unknown}
 i - 2 potions of berserk rage
 j - 2 potions of haste
 n - a potion of brilliance {unknown}
 o - a potion of agility {unknown}
 v - a potion of mutation {unknown}
 z - a potion of curing
Books
 k - a manual of Spellcasting
Comestibles
 d - 12 rations


   Skills:
 + Level 3.1 Fighting
 * Level 3.9 Short Blades
 - Level 2.0 Dodging
 * Level 8.1 Stealth
 - Level 6.0 Spellcasting
 * Level 7.4 Hexes


You had 11 spell levels left.
You knew the following spells:

 Your Spells              Type           Power        Failure   Level  Hunger
a - Ensorcelled Hibernat  Hex/Ice        ###...       4%          2    None
b - Confuse               Hex            ####....     1%          3    ##.....
c - Dazzling Spray        Conj/Hex       ###...       8%          3    ##.....

Your spell library contained the following spells:

 Spells                   Type           Power        Failure   Level  Hunger
 Corona                   Hex            ####...      1%          1    None
 Tukima's Dance           Hex            ####....     1%          3    ##.....


Dungeon Overview and Level Annotations

Branches:
Dungeon (7/15)             Temple (1/1) D:4

Altars:
Ashenzari
Cheibriados
Dithmenos
Fedhas
Gozag
Hepliaklqana
Kikubaaqudgha
Makhleb
Nemelex Xobeh
Okawaru
Qazlal
Ru
Sif Muna
Trog
Uskayaw
Vehumet
Wu Jian
Xom
Yredelemnul

Shops:
D:4 :%%*!

Annotations:
D:4 exclusion: yak


Innate Abilities, Weirdness & Mutations

You cannot wear boots.
Your serpentine skin is tough. (AC +2)
You have supernaturally acute eyesight. (SInv)
Armour fits poorly on your strangely shaped body.
Your system is resistant to poisons. (rPois)
You cover ground very slowly.
You have a slow metabolism.
You can spit poison.


Message History

The Council accepts your kill.
You feel yourself speed up. The crocodile bites you.
You hit the crocodile. The crocodile barely misses you.
Aim: a crocodile (lightly wounded)
The splash of poison hits the crocodile.
The crocodile is poisoned.
You feel slightly more hungry. The crocodile bites you.
You barely miss the crocodile. The crocodile bites you!!
* * * LOW HITPOINT WARNING * * *
Aim: a crocodile (moderately wounded, poisoned, chance to defeat MR: 49%)
The crocodile resists with some effort.
The crocodile barely misses you.
Unknown command.
Unknown command.
Unknown command.
You spin and attack the crocodile repeatedly.
You closely miss the crocodile. You hit the crocodile but do no damage.
You have got your breath back.
The crocodile bites you!!
You die...

###.# #.# ##.#.###### ##...##
##+## ##.## #.....# ##...##
#.######### #.....# ##.....##
#.......... #.....#
##.......###..#.#####.
##...####.........#.......###.
#.......+.........'...........
##...####..((.((.(###.....###.
#....# ##.>.@...## #.........
##..## ##)t...## #####.####
##.# ##...## #.# #.# ##+## #.#
#.# #.# #.# #.# #.####### #.#
#.########.#.....# #.#
#......##....###.# #.#
######.#.........#####.#


You could see a crocodile (pinned).

Vanquished Creatures
  A sky beast (D:5)
  An orc warrior (D:6)
  A phantom (D:5)
  4 ogres
  2 centaurs (D:6)
  2 bullfrogs (D:6)
  A wight (D:4)
  A crimson imp (D:6)
  2 hounds
  An orc priest (D:3)
  A jelly (D:6)
  2 orc wizards
  A worker ant (D:5)
  2 hound skeletons
  4 gnolls (D:3)
  14 adders
  4 oozes (D:3)
  An adder skeleton (D:4)
  An adder zombie (D:5)
  3 worms
  6 dart slugs
  6 leopard geckos
  16 orcs
  4 ball pythons
  13 bats
  2 giant cockroaches
  9 goblins
  5 hobgoblins
  3 jackals (D:4)
  5 quokkas
  6 frilled lizards
  4 kobolds
  A leopard gecko zombie (D:4)
  4 rats
133 creatures vanquished.

Notes
Turn   | Place    | Note
-------+----------+-------------------------------------------
     0 | D:1      | Goreval the Naga Enchanter began the quest for the Orb.
     0 | D:1      | Reached XP level 1. HP: 15/15 MP: 3/3
   104 | D:1      | Reached XP level 2. HP: 9/22 MP: 5/5
   115 | D:1      | Learned a level 2 spell: Ensorcelled Hibernation
  1321 | D:2      | Reached XP level 3. HP: 13/28 MP: 1/6
  1371 | D:2      | Learned a level 3 spell: Confuse
  1782 | D:2      | Found a hide-covered altar of Uskayaw.
  1783 | D:2      | Found a radiant altar of Vehumet.
  1784 | D:2      | Found a shadowy altar of Dithmenos.
  2406 | D:3      | Reached skill level 5 in Stealth
  2658 | D:3      | Reached XP level 4. HP: 25/36 MP: 4/7
  2952 | D:3      | Found a sparkling altar of Nemelex Xobeh.
  3206 | D:3      | Reached XP level 5. HP: 15/42 MP: 2/8
  4020 | D:3      | Reached skill level 6 in Stealth
  4199 | D:3      | Reached skill level 5 in Hexes
  4801 | D:3      | Reached XP level 6. HP: 49/49 MP: 9/9
  4806 | D:3      | Learned a level 3 spell: Dazzling Spray
  5227 | D:4      | Found a staircase to the Ecumenical Temple.
  5236 | Temple   | Entered the Ecumenical Temple
  5448 | Temple   | Became a worshipper of the Wu Jian Council
  5868 | D:4      | Found Netwokhl Alia's Food Shoppe.
  5919 | D:4      | Reached skill level 1 in Fighting
  5923 | D:4      | Noticed a yak
  5972 | D:4      | Reached XP level 7. HP: 57/57 MP: 10/10
  6006 | D:4      | Found Zaet's General Store.
  6007 | D:4      | Found Nuji's Distillery.
  6076 | D:4      | Bought a potion of heal wounds for 65 gold pieces
  6076 | D:4      | Bought a potion of haste for 130 gold pieces
  6129 | D:4      | Found Yxuote's Food Shoppe.
  6397 | D:4      | Found Evynwic's Book Emporium.
  6445 | D:5      | Entered Level 5 of the Dungeon
  6749 | D:5      | Reached skill level 7 in Stealth
  7538 | D:6      | Reached XP level 8. HP: 67/67 MP: 14/14
  7624 | D:6      | Reached skill level 5 in Spellcasting
  8191 | D:6      | Found an iron altar of Okawaru.
  8293 | D:6      | Reached * piety under Wu Jian
  8302 | D:6      | HP: 3/69 [centaur (8)]
  8850 | D:6      | Found a snail-covered altar of Cheibriados.
  9019 | D:7      | Reached skill level 8 in Stealth
  9099 | D:6      | Slain by a crocodile

Levels and vault maps discovered:
D:1:      wander_arrival_desolate, layout_loops_ring
D:2:      layout_basic, minitemple
D:3:      layout_basic, first_ration, nemelex_dance_club_becter
D:4:      minmay_skewed_foursquare, layout_basic, minmay_temple_entry_wispy,
          serial_shops, nicolae_shop_trees, nicolae_shop_statue_plus, shop,
          kennysheep_mini, nicolae_shop_crystal, minmay_manual_monstrance
D:5:      layout_layer_cave
D:6:      layout_loops_corners, kennysheep_slug_shrine, okawaru_gym_becter
D:7:      layout_cave_pools, good_gods_temple_1
Temple:   regret_index_temple_generic_petals

Skill      XL: |  1  2  3  4  5  6  7  8 |
---------------+-------------------------+-----
Dodging        | 2 |  2.0
Short Blades   | 2 3 |  3.9
Stealth        | 5 6 7 8 |  8.1
Hexes          | 4 5 6 7 |  7.4
Fighting       | 1 2 3 |  3.1
Spellcasting   | 4 6 |  6.0

Action                   |  1- 3 |  4- 6 |  7- 9 || total
-------------------------+-------+-------+-------++-------
Melee: Dagger            |   129 |   163 |   117 ||   409
Throw: Stone             |     8 |     5 |     1 ||    14
 Cast: Ensorcelled Hiber |    14 |    49 |    36 ||    99
       Confuse           |     1 |     3 |     7 ||    11
       Corona            |       |     1 |       ||     1
       Dazzling Spray    |       |       |     1 ||     1
Invok: Lunge             |       |     2 |    16 ||    18
       Whirlwind         |       |       |     5 ||     5
 Abil: Spit Poison       |     8 |    14 |     6 ||    28
Evoke: Wand              |       |       |     1 ||     1
  Use: Potion            |     1 |     1 |     1 ||     3
       Scroll            |       |     1 |     8 ||     9
 Stab: Sleeping          |    12 |    38 |    25 ||    75
       Confused          |     1 |       |     4 ||     5
       Distracted        |       |       |     1 ||     1
       Paralysed         |       |       |     1 ||     1
  Eat: Chunk             |     5 |    10 |    10 ||    25
       Ration            |       |     1 |       ||     1
Armor: Robe              |    39 |    74 |    20 ||   133
Dodge: Dodged            |    77 |   148 |    71 ||   296
